 Dungeon Crawl Stone Soup version 0.30-a0-390-g80c34de65d (webtiles) character file.

Game seed: 44218637921942061

17563 Bnni the Spear-Bearer (level 12, -8/100 HPs)
             Began as a Formicid Fighter on Dec 4, 2022.
             Was an Initiate of Yredelemnul.
             Killed from afar by an electric eel (13 damage)
             ... with a bolt of electricity
             ... on level 11 of the Dungeon.
             The game lasted 00:25:47 (11252 turns).

Bnni the Spear-Bearer (Formicid Fighter)           Turns: 11252, Time: 00:25:48

Health: -8/100     AC: 19    Str: 24    XL:     12   Next: 84%
Magic:  17/17      EV:  6    Int: 10    God:    Yredelemnul [......]
Gold:   812        SH:  5    Dex: 13    Spells: 11/11 levels left

rFire   . . .      SeeInvis +    q - +3 trident
rCold   + . .      Faith    .    c - +0 buckler
rNeg    . . .      Spirit   .    I - +3 plate armour
rPois   .          Reflect  .    (helmet unavailable)
rElec   .          Harm     .    a - +0 cloak {rCorr}
rCorr   +          Rampage  .    (no gloves)
Will    +....                    (no boots)
Stlth   ..........               (no amulet)
HPRegen 0.36/turn                j - ring of protection from cold
MPRegen 0.15/turn                k - +4 ring of protection

@: no status effects
A: permanent stasis, dig shafts and tunnels, antennae 3, four strong arms
a: Dig, Shaft Self, Renounce Religion, Recall Undead Harvest


You were on level 11 of the Dungeon.
You worshipped Yredelemnul.
Yredelemnul was noncommittal.
You visited 2 branches of the dungeon, and saw 12 of its levels.
You also visited: Bailey.

You collected 812 gold pieces.

Inventory:

Hand Weapons
 q - a +3 trident (weapon)
 J - a +0 glaive
Missiles
 h - 7 silver javelins
 C - 4 boomerangs (quivered)
 G - 7 poisoned darts
Armour
 a - a +0 cloak of preservation (worn)
 c - a +0 buckler (worn)
 I - a +3 plate armour (worn)
Jewellery
 j - a ring of protection from cold (left hand)
 k - a +4 ring of protection (right hand)
Wands
 u - a wand of paralysis (20)
 w - a wand of mindburst (7)
 B - a wand of flame (7)
 H - a wand of polymorph (6)
 M - a wand of acid (6)
Scrolls
 d - 3 scrolls of amnesia
 e - 3 scrolls of butterflies {unknown}
 f - 2 scrolls of fear {unknown}
 g - a scroll of blinking {unknown}
 l - 5 scrolls of enchant armour
 n - a scroll of magic mapping {unknown}
 o - 3 scrolls of immolation {unknown}
 p - a scroll of silence {unknown}
 r - a scroll of noise {unknown}
 v - 4 scrolls of teleportation {unknown}
 x - 3 scrolls of poison
 y - a scroll of summoning
 D - a scroll of enchant weapon
 F - 2 scrolls of vulnerability {unknown}
 K - a scroll of brand weapon {unknown}
 L - a scroll of acquirement {unknown}
Potions
 b - 4 potions of mutation
 i - a potion of flight {unknown}
 m - 3 potions of attraction
 s - 3 potions of ambrosia {unknown}
 t - 3 potions of curing
 z - 3 potions of lignification {unknown}
 A - 2 potions of heal wounds {unknown}
 E - a potion of resistance {unknown}


   Skills:
 + Level 11.0 Fighting
 * Level 13.6 Polearms
 - Level 10.0 Throwing
 - Level 3.2 Armour
 - Level 5.0 Shields
 + Level 7.0 Invocations


You had 11 spell levels left.
You didn't know any spells.
Your spell library contained the following spells:

 Spells                   Type           Power      Damage    Failure   Level
 Sandblast                Erth           0%         2d4       100%        1
 Passwall                 Tmut/Erth      0%         N/A       100%        2
 Scorch                   Fire           0%         2d5       100%        2
 Gell's Gravitas          Tloc           0%         N/A       100%        3
 Inner Flame              Hex/Fire       0%         N/A       100%        3
 Kindle Blastsparks       Fire/Tloc/Air  0%         2d10      100%        3
 Lesser Beckoning         Tloc           0%         N/A       100%        3
 Stone Arrow              Conj/Erth      0%         3d7       100%        3
 Teleport Other           Tloc           0%         N/A       100%        3
 Flame Wave               Conj/Fire      0%         2d4       100%        4
 Fulminant Prism          Conj/Hex       0%         3d5       100%        4
 Iskenderun's Mystic Bla  Conj/Tloc      0%         2d3       100%        4
 Sticky Flame             Conj/Fire      0%         2d3       100%        4
 Lee's Rapid Deconstruct  Erth           0%         3d4*      100%        5
 Summon Cactus Giant      Summ           0%         N/A       100%        6


Dungeon Overview and Level Annotations

Branches:
Dungeon (11/15)            Temple (1/1) D:7            Lair (0/5) D:8
    Orc (0/2) D:10         Bailey (visited)

Altars:
Ashenzari
Cheibriados
Dithmenos
Elyvilon
Fedhas
Gozag
Hepliaklqana
Kikubaaqudgha
Makhleb
Nemelex Xobeh
Okawaru
Qazlal
Ru
Sif Muna
Trog
Uskayaw
Vehumet
Wu Jian
Xom
Yredelemnul
Zin
The Shining One

Shops:
D:2 [


Innate Abilities, Weirdness & Mutations

You cannot be hasted, slowed, berserked, paralysed or teleported.
You can dig through walls and to a lower floor.
You have a pair of large antennae on your head. (SInv)
Your four strong arms can wield two-handed weapons with a shield.


Message History

The electric eel completely resists.
The orc hits you but does no damage. The manticore bites you!
The manticore claws you but does no damage.
You block the manticore's attack.
You closely miss the electric eel.
The electric eel is moderately wounded.
Unknown command.
You barely miss the electric eel.
The electric eel is moderately wounded.
The electric eel shoots out a bolt of lightning at you!
The bolt of electricity hits you! x2
* * * LOW HITPOINT WARNING * * *
The bolt of electricity hits the electric eel.
The electric eel completely resists.
The manticore bites you but does no damage.
The manticore closely misses you.
The manticore claws you but does no damage.
You hit the electric eel.
The electric eel is heavily wounded.
The electric eel shoots out a bolt of lightning at you!
The bolt of electricity hits you!
* * * LOW HITPOINT WARNING * * *
The bolt of electricity hits you!
* * * LOW HITPOINT WARNING * * *
The bolt of electricity hits the electric eel.
The electric eel completely resists.
The manticore bites you but does no damage.
The manticore claws you!
* * * LOW HITPOINT WARNING * * *
The manticore claws you but does no damage.
Okay, then.
Okay, then.
Okay, then.
You feel better.
The electric eel shoots out a bolt of lightning at you!
The bolt of electricity hits you!
* * * LOW HITPOINT WARNING * * *
The bolt of electricity hits you!
You die...
Your body rises from the dead as a mindless zombie.

.....####
.........
#######
.....#...
#......##..≈≈≈≈
≈
...##....≈≈≈≈≈
≈≈ .......≈≈≈≈#
### ......≈≈≈8#
.... #.≈≈S@#
..o. #≈≈≈H8#{.#
#≈≈oooo..#
#≈≈..o'..#
#≈≈≈.8#..#
#..≈≈≈.##...
...##≈≈≈8 #....
.... ##≈≈≈≈
#### ##..
..≈≈≈≈ S≈≈


You could see a manticore, an electric eel, an orc wizard and 4 orcs.

Vanquished Creatures
  The ghost of blade888 the Arsonist, a journeyman OpFE of Gozag (D:10)
  A two-headed ogre (D:9)
  2 spectral centaurs (D:10)
  A centaur zombie (D:10)
  Maurice (D:9)
  A komodo dragon (D:8)
  2 trolls
  Grinder (D:5)
  2 centaur simulacra (D:10)
  10 yaks
  Menkaure (D:4)
  A steam dragon (D:7)
  2 acid dragons
  A water moccasin (D:9)
  Duvessa (D:4)
  14 orc warriors
  3 sky beasts
  2 ice beasts
  4 wolves (D:9)
  A centaur (D:10)
  An ogre (D:7)
  A kobold brigand (D:9)
  Blork the orc (D:5)
  4 bullfrogs
  5 scorpions
  A necrophage (D:4)
  3 wights (D:6)
  Dowan (D:4)
  16 killer bees
  5 howler monkeys
  An electric eel (D:11)
  2 jellies
  2 orc priests
  4 hounds
  Terence (D:3)
  Natasha (thrice) (D:4)
  3 iguanas
  3 orc wizards
  10 gnolls
  8 adders
  2 worms
  60 orcs
  12 ball pythons
  9 endoplasms
  4 giant cockroaches
  5 goblins
  9 hobgoblins
  8 jackals
  6 kobolds
  6 quokkas
  3 bats
  4 frilled lizards
  7 rats
262 creatures vanquished.

Vanquished Creatures (collateral kills)
  An orc knight (Bailey)
  A troll (D:10)
  A yak (D:8)
  Grum (D:9)
  2 orc warriors (Bailey)
  A gnoll sergeant (D:10)
  2 orc wizards
  5 orcs
14 creatures vanquished.

Vanquished Creatures (others)
  A water moccasin zombie (D:9)
  A yak zombie (D:8)
  2 troll zombies
  2 wolf zombies (D:9)
  A bullfrog zombie (D:8)
  6 killer bee zombies
  A kobold zombie (D:9)
  A howler monkey zombie (D:9)
  A gnoll zombie (D:10)
  10 orc zombies
  13 plants
39 creatures vanquished.

Grand Total: 315 creatures vanquished

Notes
Turn   | Place    | Note
-------+----------+-------------------------------------------
     0 | D:1      | Bnni the Formicid Fighter began the quest for the Orb.
     0 | D:1      | Reached XP level 1. HP: 18/18 MP: 1/1
   101 | D:1      | Reached XP level 2. HP: 24/24 MP: 2/2
   367 | D:1      | Reached XP level 3. HP: 26/29 MP: 3/3
   875 | D:2      | Reached skill level 5 in Shields
   875 | D:2      | Reached XP level 4. HP: 37/37 MP: 4/4
   937 | D:2      | Reached skill level 3 in Polearms
  1059 | D:2      | Found Fishreclo's Armour Boutique.
  1602 | D:3      | Reached XP level 5. HP: 21/42 MP: 5/5
  1737 | D:3      | Noticed Terence
  1753 | D:3      | Killed Terence
  1754 | D:3      | Reached skill level 4 in Polearms
  2509 | D:4      | Reached XP level 6. HP: 48/49 MP: 6/6
  2533 | D:4      | Noticed Duvessa
  2533 | D:4      | Noticed Dowan
  2549 | D:4      | Killed Duvessa
  2550 | D:4      | Reached skill level 5 in Polearms
  2555 | D:4      | Killed Dowan
  2556 | D:4      | Reached skill level 5 in Fighting
  2566 | D:4      | Noticed Menkaure
  2572 | D:4      | Killed Menkaure
  2573 | D:4      | Reached XP level 7. HP: 21/56 MP: 7/7
  2729 | D:4      | Found a hide-covered altar of Uskayaw.
  2799 | D:4      | Reached skill level 6 in Polearms
  2948 | D:4      | Noticed Natasha
  2955 | D:4      | Killed Natasha
  2990 | D:4      | Noticed Natasha
  2994 | D:4      | Killed Natasha
  3093 | D:4      | Noticed Natasha
  3100 | D:4      | Killed Natasha
  3193 | D:5      | Entered Level 5 of the Dungeon
  3306 | D:5      | Reached XP level 8. HP: 61/64 MP: 8/8
  3392 | D:5      | Reached skill level 7 in Polearms
  3532 | D:5      | Noticed Blork the orc
  3552 | D:5      | Killed Blork the orc
  3784 | D:5      | Noticed Grinder
  3830 | D:5      | Killed Grinder
  3831 | D:5      | Reached skill level 8 in Polearms
  4396 | D:5      | Found an opulent altar of Gozag.
  4571 | D:6      | Reached XP level 9. HP: 72/72 MP: 9/9
  4615 | D:6      | Reached skill level 9 in Polearms
  5034 | D:6      | Found a blossoming altar of Fedhas.
  5096 | D:6      | Found a sparkling altar of Nemelex Xobeh.
  5821 | D:7      | Reached skill level 10 in Polearms
  5954 | D:7      | Found a burning altar of Makhleb.
  5983 | D:7      | Reached XP level 10. HP: 48/82 MP: 10/10
  6381 | D:7      | Found a stormy altar of Qazlal.
  6553 | D:7      | Found a staircase to the Ecumenical Temple.
  6558 | Temple   | Entered the Ecumenical Temple
  6627 | Temple   | Became a worshipper of Yredelemnul the Dark
  6764 | D:8      | Reached * piety under Yredelemnul
  6816 | D:8      | Reached ** piety under Yredelemnul
  6819 | D:8      | Reached skill level 1 in Invocations
  6834 | D:8      | Found a flagged portal.
  6875 | Bailey   | Entered a bailey
  6909 | Bailey   | Reached skill level 11 in Polearms
  7528 | Bailey   | Reached *** piety under Yredelemnul
  7738 | Bailey   | Noticed an orc knight
  7750 | Bailey   | Killed an orc knight
  8020 | D:8      | Identified the +1 flail of Nuazxarch {vorpal, rPois}
  8408 | D:8      | Reached skill level 12 in Polearms
  8738 | D:8      | Found a staircase to the Lair.
  8739 | D:8      | Noticed a komodo dragon
  8758 | D:8      | Killed a komodo dragon
  8759 | D:8      | Reached skill level 10 in Fighting
  8759 | D:8      | Reached XP level 11. HP: 40/90 MP: 14/14
  8982 | D:9      | Noticed Maurice
  9004 | D:9      | Killed Maurice
  9005 | D:9      | Reached skill level 5 in Invocations
  9052 | D:9      | Noticed a two-headed ogre
  9059 | D:9      | Reached XP level 12. HP: 79/92 MP: 15/15
  9078 | D:9      | Killed a two-headed ogre
  9080 | D:9      | Noticed Grum
  9531 | D:9      | Found a hazy altar of Hepliaklqana.
  9739 | D:9      | Found a glowing golden altar of the Shining One.
  9834 | D:9      | Killed Grum
  9984 | D:9      | Reached skill level 13 in Polearms
 10167 | D:10     | Entered Level 10 of the Dungeon
 10358 | D:10     | Found a runed translucent gate.
 10398 | D:10     | Found a runed translucent gate.
 10399 | D:10     | Found a runed translucent gate.
 10444 | D:10     | Reached skill level 10 in Throwing
 10601 | D:10     | Found a staircase to the Orcish Mines.
 10766 | D:10     | Found a bloodstained altar of Trog.
 10994 | D:10     | Noticed blade888's ghost (journeyman OpFE)
 11035 | D:10     | Killed blade888's ghost
 11251 | D:11     | HP: 5/100 [manticore (7)]
 11252 | D:11     | Killed from afar by an electric eel

Illustrated notes

Levels and vault maps discovered:
D:1:      lightli_arrival_statue_moat, layout_rooms, st_stairs_3
D:2:      layout_loops_ring, serial_shops, shop_coins
D:3:      layout_basic, uniq_terence
D:4:      layout_basic, eat_drink_and_be_merry_uskayaw, uniq_duvessa,
          uniq_natasha, uniq_menkaure
D:5:      layout_cave_pods, lemuel_round_altar, uniq_grinder, uniq_blork_the_orc
D:6:      layout_basic, mainiacjoe_overflow_alcove_1, fedhas_ov_isle_minmay
D:7:      layout_rooms, mainiacjoe_overflow_paths, lightli_temple_of_fire,
          temple_doors_cd, st_stairs_5, minivault_1
D:8:      layout_gridville, david_lair_shrubbed, enter_bailey_8
D:9:      layout_basic, lemuel_coloured_pillars_altar,
          nicolae_hepliaklqana_hazy_memory, st_stairs_7, uniq_grum, uniq_maurice
D:10:     layout_big_octagon, trog_three_pillars_becter, orc_david_3,
          gammafunk_ghost_necromancy
D:11:     layout_rooms, kennysheep_island_fort
Temple:   hellmonk_temple_forest_ring

Skill      XL: |  1  2  3  4  5  6  7  8  9 10 11 12 |
---------------+-------------------------------------+-----
Shields        | 5 |  5.0
Polearms       | 3 4 5 6 8 10 12 13 | 13.6
Fighting       | 4 5 6 7 8 10 11 | 11.0
Invocations    | 4 5 7 |  7.0
Throwing       | 9 10 | 10.0
Armour         | |  3.2

Action                   |  1- 3 |  4- 6 |  7- 9 | 10-12 || total
-------------------------+-------+-------+-------+-------++-------
Melee: Trident           |   121 |   187 |   394 |   547 ||  1249
Throw: Throwing net      |       |       |     1 |       ||     1
       Boomerang         |       |       |       |    25 ||    25
       Javelin           |       |       |       |     2 ||     2
Invok: Recall Undead Har |       |       |       |     4 ||     4
       Dark Bargain      |       |       |       |     3 ||     3
 Abil: Dig               |       |       |     3 |     6 ||     9
Evoke: Wand              |       |       |       |    13 ||    13
  Use: Potion            |       |     1 |       |     5 ||     6
       Scroll            |       |       |     5 |     5 ||    10
 Stab: Distracted        |       |       |       |     3 ||     3
       Invisible         |       |       |       |     2 ||     2
       Paralysed         |       |       |       |     8 ||     8
Armor: Scale mail        |    27 |       |       |       ||    27
       Chain mail        |    26 |    29 |       |       ||    55
       Plate armour      |       |    84 |   162 |   234 ||   480
Dodge: Dodged            |    42 |    59 |    59 |   106 ||   266
Block: Buckler           |    26 |    27 |    65 |    75 ||   193

Table legend: (Time is in decaauts)
 A = Elapsed time spent in this place.
 B = Non-inter-level travel time spent in this place.
 C = Inter-level travel time spent in this place.
 D = Time resting spent in this place.
 E = Time spent auto-exploring this place.
 F = Levels seen in this place.
 G = Mean time per level.
                   A        B        C        D        E       F      G
               +--------+--------+--------+--------+--------+-----+--------+
         Total |  11151 |  10806 |    345 |   1405 |   7129 |  13 |  857.8 |
       Dungeon |   9942 |   9610 |    332 |    962 |   6715 |  11 |  903.8 |
        Temple |     83 |     70 |     13 |      0 |     55 |   1 |   83.0 |
        Bailey |   1124 |   1124 |      0 |    443 |    359 |   1 | 1124.0 |
               +--------+--------+--------+--------+--------+-----+--------+

Top non-repeatable levels by time:
     D:6: 1331 daAuts
     D:5: 1220 daAuts
     D:9: 1155 daAuts
  Bailey: 1124 daAuts
     D:8: 1089 daAuts
    D:10: 1008 daAuts
     D:3: 930 daAuts
     D:4: 915 daAuts
     D:7: 870 daAuts
     D:2: 741 daAuts
     D:1: 656 daAuts
  Temple: 83 daAuts
    D:11: 21 daAuts
